 Dungeon Crawl Stone Soup version 0.19-a0-1513-gf6d23ed (webtiles) character file.

4008 jacquesderrida the Martial Artist (level 10, 20/55 HPs)
             Began as a Vine Stalker Wanderer on Sept 12, 2016.
             Was a Follower of Cheibriados.
             Quit the game on level 11 of the Dungeon.
             The game lasted 00:20:25 (4267 turns).

jacquesderrida the Martial Artist (VSWn)            Turns: 4267, Time: 00:20:26

Health: 20/55      AC:  8    Str: 17    XL:     10   Next: 23%
Magic:  11/11      EV: 15    Int: 15    God:    Cheibriados [*.....]
Gold:   354        SH:  2    Dex: 21    Spells: 0 memorised, 9 levels left

rFire  . . .     SeeInvis .       - Unarmed
rCold  . . .     Gourm    .     k - +1 ring mail
rNeg   . . .     Faith    .     (no shield)
rPois  .         Spirit   +     (no helmet)
rElec  .         Dismiss  .     K - +0 cloak
rCorr  +         Reflect  +     E - +0 pair of gloves
MR     +....     Harm     .     (no boots)
Stlth  +.........               n - +2 amulet of reflection
                                (no ring)
                                B - ring of resist corrosion

@: drained, very slow
A: fangs 3, regeneration 1, magic shield, antimagic bite, no device heal 3, rot
immunity
a: Bend Time, Renounce Religion


You were on level 11 of the Dungeon.
You worshipped Cheibriados.
Cheibriados was aware of your devotion.
You were not hungry.

You visited 2 branches of the dungeon, and saw 12 of its levels.

You collected 410 gold pieces.
You spent 56 gold pieces at shops.

Inventory:

Hand Weapons
 d - the cursed +1 dagger "Heobext" {pierce, *Rage rF+ rC+, unknown}
   (You found it on level 9 of the Dungeon)

   It inflicts extra damage upon your enemies.
   It protects you from fire.
   It protects you from cold.
   It may make you go berserk in combat.
   It has a curse placed upon it.
 f - a +0 club
 t - a +4 war axe
Missiles
 A - 8 tomahawks (quivered)
Armour
 e - a +0 robe
 h - a +2 leather armour of fire resistance
 i - a +0 scale mail
 k - a +1 ring mail (worn)
 v - a +0 chain mail
 E - a +0 pair of gloves (worn)
 G - a +0 shield
 K - a +0 cloak (worn)
Jewellery
 n - a +2 amulet of reflection (around neck)
 B - a ring of resist corrosion (left hand)
Wands
 l - a wand of polymorph (1/24)
 w - a wand of slowing (28/48)
Scrolls
 x - a scroll of enchant armour
 y - 4 scrolls of remove curse
 C - a scroll of summoning {unknown}
 D - 2 scrolls of random uselessness {unknown}
 F - a scroll of amnesia {unknown}
 H - a scroll of identify {unknown}
Potions
 a - a potion of cancellation
 b - a potion of agility
 c - 3 potions of ambrosia {unknown}
 o - a potion of curing {unknown}
 r - 2 potions of invisibility {unknown}
 s - a potion of might {unknown}
 u - a potion of degeneration {unknown}
 I - a potion of lignification
Books
 z - a book of Summonings

   Spells                             Type                      Level
   a - Recall                         Summoning/Translocation      3
   b - Aura of Abjuration             Summoning                    5
   c - Summon Demon                   Summoning                    5
   d - Summon Forest                  Summoning/Translocation      5
   e - Summon Mana Viper              Hexes/Summoning              5
   f - Shadow Creatures               Summoning                    6
Comestibles
 g - 5 bread rations
 m - a beef jerky
 p - 2 slices of pizza
 q - 13 fruits
 J - 5 chunks of flesh


   Skills:
 + Level 7.6(7.4) Fighting
 - Level 1.7(1.6) Axes
 - Level 1.0(0.9) Armour
 + Level 5.9(5.8) Dodging
 - Level 1.2(1.1) Stealth
 - Level 1.0(0.9) Shields
 + Level 10.1(10.0) Unarmed Combat


You had 9 spell levels left.
You didn't know any spells.

Dungeon Overview and Level Annotations

Branches:
Dungeon (11/15)            Temple (1/1) D:5            Lair (0/6) D:10
    Orc: D:9-12

Altars:
Ashenzari
Cheibriados
Dithmenos
Elyvilon
Fedhas
Gozag
Kikubaaqudgha
Makhleb
Nemelex Xobeh
Okawaru
Qazlal
Sif Muna
Trog
Vehumet
Yredelemnul
Zin
The Shining One

Shops:
D:7 !

Annotations:
D:11 Urug


Innate Abilities, Weirdness & Mutations

You have razor-sharp teeth.
Your natural rate of healing is unusually fast.
When hurt, damage is shared between your health and your magic reserves.
Your bite disrupts and absorbs the magic of your enemies.
Potions and wands cannot restore your health.
You are immune to rotting.


Message History

The crimson imp's magic leaks into the air.
You drain its magic.
You feel invigorated.
You kill the crimson imp!
Cheibriados appreciates the change of pace.
The barbs in your skin will harm you if you move.
Continue?
Okay, then.
You carefully extract the barbed spikes from your body.
You found a teleport trap!
A manticore is nearby!
Really walk into that teleport trap? [Y]es or [N]o only, please.
Really walk into that teleport trap?
You enter a teleport trap!
The teleport trap disappears.
Your surroundings suddenly seem different.
You hear the crackling of a distant melting archway.
Found an ivory wand.
A brown ugly thing comes into view.
The brown ugly thing gurgles horribly!
Okay, then.
Are you sure you want to abandon this character and quit the game? (Confirm with "yes".)

###################
.u.....@...........
..........#..###..#
##./......#..# #.C#
#........#..# #..#
#........#..# #..#
#........#..# #..#
#........#..# #<.#
#........#..# #..#
#..# #..#


You could see a brown ugly thing.

Vanquished Creatures
  Erolcha (D:11)
  Grinder (D:5)
  A wyvern (D:9)
  A hungry ghost (D:10)
  2 steam dragons
  A water moccasin (D:6)
  A hell hound (D:10)
  An orc warrior (D:6)
  2 sky beasts
  An ice beast (D:8)
  An ogre (D:6)
  2 phantoms (D:6)
  2 slaves (D:7)
  A centaur (D:7)
  A giant frog (D:6)
  A scorpion (D:11)
  3 wights (D:11)
  7 howler monkeys
  4 crimson imps
  A giant frog zombie (D:10)
  A centaur zombie (D:6)
  3 hounds
  6 orc priests
  A jelly (D:6)
  A centaur skeleton (D:9)
  8 orc wizards
  2 giant frog skeletons
  2 iguanas
  4 worker ants
  A killer bee zombie (D:7)
  A howler monkey zombie (D:9)
  A worker ant zombie (D:7)
  A gnoll (D:7)
  8 adders
  3 shadow imps
  2 oozes (D:3)
  A dart slug (D:3)
  2 giant geckos (D:4)
  17 orcs
  2 bats
  3 giant cockroaches
  6 goblins
  5 hobgoblins
  11 jackals
  5 quokkas
  2 ball pythons (D:5)
  A ball python skeleton (D:4)
  A giant cockroach zombie (D:5)
  A giant gecko skeleton (D:7)
  A giant gecko zombie (D:5)
  2 giant newts (D:1)
  7 kobolds
  3 rats (D:1)
150 creatures vanquished.

Vanquished Creatures (others)
  4 toadstools (D:1)
4 creatures vanquished.

Grand Total: 154 creatures vanquished

Notes
Turn   | Place    | Note
-------+----------+-------------------------------------------
     0 | D:1      | jacquesderrida the Vine Stalker Wanderer began the quest for the Orb.
     0 | D:1      | jacquesderrida set off with: a potion of haste, a potion of berserk rage, a potion of lignification, a scroll of teleportation, a +0 robe, a +0 club, a bread ration
     0 | D:1      | Reached XP level 1. HP: 11/11 MP: 2/2
   212 | D:1      | Reached XP level 2. HP: 3/16 MP: 1/3
   275 | D:1      | Reached skill level 3 in Unarmed Combat
   447 | D:3      | Found a glowing golden altar of the Shining One.
   514 | D:3      | Reached XP level 3. HP: 11/19 MP: 1/4
   519 | D:3      | Reached skill level 4 in Unarmed Combat
   521 | D:3      | Gained mutation: Your natural rate of healing is unusually fast. [Vine Stalker growth]
   521 | D:3      | Reached XP level 4. HP: 7/23 MP: 0/5
   727 | D:4      | Reached skill level 5 in Unarmed Combat
   727 | D:4      | Reached XP level 5. HP: 16/27 MP: 3/6
   897 | D:4      | Found a shattered altar of Ashenzari.
   928 | D:4      | Noticed an ogre
   933 | D:4      | Noticed a steam dragon
   933 | D:4      | an ogre changed into a steam dragon
   938 | D:4      | Killed a steam dragon
   938 | D:4      | Reached skill level 6 in Unarmed Combat
   938 | D:4      | Reached XP level 6. HP: 27/32 MP: 4/7
   978 | D:5      | Entered Level 5 of the Dungeon
  1047 | D:5      | Noticed a sky beast
  1080 | D:5      | Noticed Grinder
  1116 | D:5      | Killed Grinder
  1116 | D:5      | Reached XP level 7. HP: 16/37 MP: 5/8
  1225 | D:6      | Reached skill level 7 in Unarmed Combat
  1282 | D:6      | Noticed a steam dragon
  1284 | D:6      | Noticed a steam dragon
  1545 | D:6      | Reached skill level 1 in Dodging
  1564 | D:6      | Gained mutation: You have razor-sharp teeth. [Vine Stalker growth]
  1564 | D:6      | Reached XP level 8. HP: 42/42 MP: 9/9
  1728 | D:7      | Found Siejeng Hixe's Distillery.
  1768 | D:7      | Bought a potion of agility for 56 gold pieces
  1864 | D:7      | Found an iron altar of Okawaru.
  1987 | D:7      | Reached skill level 8 in Unarmed Combat
  2064 | D:6      | Found a blossoming altar of Fedhas.
  2109 | D:6      | Reached skill level 5 in Fighting
  2161 | D:6      | Found a burning altar of Makhleb.
  2475 | D:4      | Found a white marble altar of Elyvilon.
  2488 | D:4      | Found an iron altar of Okawaru.
  2489 | D:4      | Found a deep blue altar of Sif Muna.
  2491 | D:4      | Found a sparkling altar of Nemelex Xobeh.
  2493 | D:4      | Found a burning altar of Makhleb.
  2942 | D:6      | Reached XP level 9. HP: 48/48 MP: 10/10
  3354 | D:5      | Found a staircase to the Ecumenical Temple.
  3360 | Temple   | Entered the Ecumenical Temple
  3370 | Temple   | Became a worshipper of Cheibriados the Contemplative
  3536 | D:8      | Reached skill level 9 in Unarmed Combat
  3690 | D:9      | Reached * piety under Cheibriados
  3726 | D:9      | Found a shadowy altar of Dithmenos.
  3742 | D:9      | Got a translucent dagger
  3755 | D:9      | Found a bloodstained altar of Trog.
  3772 | D:9      | Reached skill level 5 in Dodging
  3847 | D:10     | Entered Level 10 of the Dungeon
  3873 | D:10     | Found a staircase to the Lair.
  4025 | D:11     | Noticed a hill giant
  4079 | D:11     | Noticed Erolcha
  4091 | D:11     | Killed Erolcha
  4091 | D:11     | Reached skill level 10 in Unarmed Combat
  4091 | D:11     | Reached XP level 10. HP: 34/55 MP: 11/11
  4161 | D:11     | Noticed Urug
  4233 | D:11     | Noticed a manticore
  4241 | D:11     | HP: 1/55 [manticore (4)]
  4266 | D:11     | Noticed a brown ugly thing
  4267 | D:11     | Quit the game

Vault maps used:
D:1:      ldierk_walled_garden_2
D:2:      marbit_many_paths, dancing_weapons_uskayaw, minmay_pentomino_u4,
          uniq_iyjb
D:3:      nicolae_tso_carved_into_rock, kennysheep_generic_room_12
D:4:      lemuel_doored_altar, minitemple, minmay_misc_feat_more_columns
D:5:      first_bread, saegor_snake_ambush, uniq_grinder
D:6:      kennysheep_steamy, fedhas_altar_2, makhleb_heckhound_becter
D:7:      serial_shops, kennysheep_little_box, okawaru_altar_gauntlet_db,
          uniq_pikel
D:9:      nicolae_dithmenos_through_a_glass_darkly, old_standard_altar,
          basic_altar, minmay_misc_feat_pillars, uniq_joseph
D:10:     minmay_lair_entry_lava, nicolae_trove_entry_path_of_doom
D:11:     erik_orc_1, portal_ice_cave_entry_ice_beasts, uniq_urug, uniq_erolcha
Temple:   jpeg_temple_island

Skill      XL: |  1  2  3  4  5  6  7  8  9 |
---------------+----------------------------+-----
Unarmed Combat | 3 4 5 6 7 8 10 | 10.1
Fighting       | 3 4 5 7 |  7.6
Dodging        | 1 3 5 |  5.9
Axes           | |  1.7
Armour         | |  1.0
Stealth        | |  1.2
Shields        | |  1.0

Action                   |  1- 3 |  4- 6 |  7- 9 | 10-12 || total
-------------------------+-------+-------+-------+-------++-------
Melee: Unarmed           |    85 |   103 |   409 |    22 ||   619
       Bite              |    14 |    30 |   132 |    11 ||   187
       Punch             |       |     3 |    24 |     3 ||    30
Evoke: Wand              |       |     3 |     1 |       ||     4
  Use: Potion            |     2 |     2 |     5 |       ||     9
       Scroll            |       |       |    13 |     2 ||    15
 Stab: Sleeping          |       |       |     2 |       ||     2
  Eat: Chunk             |       |     2 |     7 |       ||     9
       Royal jelly       |       |       |     2 |       ||     2
Armor: Ring mail         |    11 |    22 |   109 |     4 ||   146
       Robe              |     1 |       |       |       ||     1
       Scale mail        |     1 |       |       |       ||     1
       Skin              |    31 |    50 |     6 |       ||    87
Dodge: Dodged            |    31 |    30 |   205 |    15 ||   281
Block: Other             |       |     3 |    27 |     3 ||    33
       Reflection        |       |       |     2 |       ||     2
